 Dungeon Crawl Stone Soup version 0.29-a0-289-g2178c42546 (console) character file.

Game seed: 13088067895190652997

798600 Gather the Sorcerer (level 27, -3/202 HPs)
             Began as a Mummy Conjurer on Mar 5, 2022.
             Was the Champion of Makhleb.
             Killed from afar by a hellion (20 damage)
             ... with damnation
             ... in Pandemonium on Mar 17, 2022.
             The game lasted 16:44:30 (174266 turns).

Gather the Sorcerer (Mummy Conjurer)              Turns: 174266, Time: 16:44:31

Health: -3/202     AC: 34    Str: -4 (19) XL:     27
Magic:  5/67       EV:  2    Int: 35    God:    Makhleb [******]
Gold:   4269       SH:  0    Dex: -5 (16) Spells: 3/79 levels left

rFire   + + +      SeeInvis +   a - +3 staff {rElec rF++ rC++ AC+5}
rCold   + + +      Faith    .   t - +4 kite shield {AC+3}
rNeg    + + +      Spirit   .   Q - +5 faerie dragon scales {rF+ rC+ rCorr MP+5 Dex+3}
rPois   ∞          Reflect  +   s - +2 helmet {SInv}
rElec   +          Harm     .   W - +1 cloak of the Heavens {Will+ Str+3}
rCorr   +          Rampage  .   R - +2 pair of gloves
Will    ++++.                   c - +2 pair of boots {Fly}
Stlth   ..........              x - amulet of reflection
HPRegen 0.00/turn               i - ring "Otimemips" {Fly rC+ Str+4 Dex+2}
MPRegen 0.40/turn               T - ring of Sowu Orr {Drain rF+ rC+ MP+9 Int+6}

@: about to teleport, flying, inhibited regen, slowed, lost strength, lost
dexterity, studying Throwing, very slow
A: cold resistance 1, negative energy resistance 3, torment resistance 2, heat
vulnerability 1, in touch with death 2, no potions
}: 6/15 runes: decaying, serpentine, slimy, silver, demonic, magical
a: Renounce Religion, Minor Destruction, Lesser Servant of Makhleb, Major
Destruction, Greater Servant of Makhleb


You were in Pandemonium.
You worshipped Makhleb.
Makhleb was exalted by your worship.
You visited 14 branches of the dungeon, and saw 58 of its levels.
You visited Pandemonium 3 times, and saw 6 of its levels.
You visited the Abyss 5 times.
You also visited: Volcano and Wizlab.

You collected 8493 gold pieces.
You spent 4224 gold pieces at shops.

Inventory:

Hand Weapons
 a - the +3 Elemental Staff (weapon) {rElec rF++ rC++ AC+5}
   (You took it off a deep elf pyromancer on level 9 of the Dungeon)

   If the wielder is skilled in Evocations, they can discharge powerful blasts
   of elemental energy when striking with it.
   It enhances your fire, ice, earth and air magic.
   AC:        It affects your AC (+5).
   rF:        It greatly protects you from fire.
   rC:        It greatly protects you from cold.
   rElec:     It insulates you from electricity.
 b - a +9 spectral demon trident
 q - a +5 dagger of draining
Missiles
 j - 4 throwing nets
 l - 27 javelins
 n - 5 silver javelins
 r - 5 curare-tipped darts (quivered)
Armour
 c - a +2 pair of boots of flying (worn)
 o - the +0 pair of boots of Conscience {Int+2}
   (You found it on level 5 of the Vaults)

   Int:       It affects your intelligence (+2).
 s - a +2 helmet of see invisible (worn)
 t - a +4 kite shield of protection (worn)
 H - +3 fire dragon scales {Xtahua}
 L - the +0 pair of gloves of the Lich-sworn {Str+2}
   (You found it on level 5 of the Realm of Zot)

   Str:       It affects your strength (+2).
 Q - the +5 faerie dragon scales (worn) {rF+ rC+ rCorr MP+5 Dex+3}
   (You took it off the Enchantress on level 2 of the Depths)

   Dex:       It affects your dexterity (+3).
   rF:        It protects you from fire.
   rC:        It protects you from cold.
   MP:        It affects your magic capacity (+5).
   rCorr:     It protects you from acid and corrosion.
 R - a +2 pair of gloves (worn)
 W - the +1 cloak of the Heavens (worn) {Will+ Str+3}
   (You acquired it on level 1 of the Vaults)

   Str:       It affects your strength (+3).
   Will:      It increases your willpower.
Magical Staves
 U - a staff of earth
 Z - a staff of death
Jewellery
 f - an amulet of regeneration
 g - the ring "Ypno Qau" {AC+4 Int+3}
   (You bought it in a shop on level 2 of the Orcish Mines)

   [ring of protection]

   AC:        It affects your AC (+4).
   Int:       It affects your intelligence (+3).
 i - the ring "Otimemips" (left hand) {Fly rC+ Str+4 Dex+2}
   (You found it on level 5 of the Pits of Slime)

   [ring of flight]

   Str:       It affects your strength (+4).
   Dex:       It affects your dexterity (+2).
   rC:        It protects you from cold.
   Fly:       It grants you flight.
 m - the ring of Vufudil {Fly rC+ MP+9 Int+3}
   (You took it off a tengu reaver on level 5 of the Vaults)

   [ring of magical power]

   Int:       It affects your intelligence (+3).
   rC:        It protects you from cold.
   MP:        It affects your magic capacity (+9).
   Fly:       It grants you flight.
 p - the ring "Miepp" {+Blink rC+ Will+ rCorr SInv}
   (You took it off a deep elf zephyrmancer on level 3 of the Elven Halls)

   [ring of willpower]

   rC:        It protects you from cold.
   SInv:      It lets you see invisible.
   +Blink:    It lets you blink.
   rCorr:     It protects you from acid and corrosion.
   Will:      It increases your willpower.
 u - a ring of wizardry
 x - an amulet of reflection (around neck)
 y - the ring of Mistrust {*Slow Fly Str-5 Int+6 SInv}
   (You took it off a deep elf annihilator on level 3 of the Elven Halls)

   [ring of intelligence]

   Str:       It affects your strength (-5).
   Int:       It affects your intelligence (+6).
   SInv:      It lets you see invisible.
   Fly:       It grants you flight.
   *Slow:     It may slow you when you take damage.
 N - the ring of the Salmon {rElec rPois rF+}
   (You took it off a deep elf annihilator on level 3 of the Elven Halls)

   [ring of poison resistance]

   rF:        It protects you from fire.
   rElec:     It insulates you from electricity.
   rPois:     It protects you from poison.
 T - the ring of Sowu Orr (right hand) {Drain rF+ rC+ MP+9 Int+6}
   (You found it in Pandemonium)

   [ring of intelligence]

   Int:       It affects your intelligence (+6).
   rF:        It protects you from fire.
   rC:        It protects you from cold.
   MP:        It affects your magic capacity (+9).
   Drain:     It drains your maximum health when unequipped.
Wands
 w - a wand of iceblast (22)
 D - a wand of acid (14)
 E - a wand of polymorph (20)
 I - a wand of charming (6)
 S - a wand of mindburst (5)
 X - a wand of digging (23)
Scrolls
 h - 4 scrolls of teleportation
 k - a scroll of summoning
 A - 5 scrolls of torment
 F - 7 scrolls of fog
 J - 3 scrolls of silence
 M - 10 scrolls of fear
 V - 7 scrolls of magic mapping
Miscellaneous
 d - a piece from Xom's chessboard (15/15)
 e - a tin of tremorstones (2/2)
 v - a phial of floods
 z - a lightning rod (4/4)
 G - a phantom mirror
 K - the horn of Geryon
 O - a condenser vane
 P - a box of beasts


   Skills:
 + Level 13.6 Fighting
 - Level 0.2(4.1) Polearms
 - Level 6.7 Staves
 - Level 4.9 Throwing
 - Level 9.5 Armour
 - Level 10.7 Dodging
 - Level 10.7 Stealth
 - Level 9.7 Shields
 + Level 26.7 Spellcasting
 - Level 15.9 Conjurations
 - Level 9.5 Hexes
 - Level 19.9 Summonings
 - Level 18.8 Necromancy
 - Level 1.0 Translocations
 - Level 4.7 Transmutations
 - Level 5.1 Ice Magic
 - Level 2.0 Air Magic
 + Level 20.0 Earth Magic
 - Level 11.8 Evocations


You had 3 spell levels left.
You knew the following spells:

 Your Spells              Type           Power      Damage    Failure   Level
a - Iron Shot             Conj/Erth      65%        9d12      1%          6
b - Animate Dead          Necr           79%        N/A       1%          4
c - Death Channel         Necr           79%        N/A       1%          6
d - Dragon's Call         Summ           56%        N/A       85%         9
e - Anguish               Hex/Necr       73%        N/A       1%          4
f - Borgnjor's Vile Clut  Necr/Erth      93%        N/A       1%          5
g - Fulminant Prism       Conj/Hex       47%        3d21      1%          4
h - Haunt                 Necr/Summ      80%        N/A       1%          7
i - Simulacrum            Ice/Necr       82%        N/A       6%          6
n - Infestation           Necr           79%        N/A       16%         8
q - Blink                 Tloc           100%       N/A       5%          2
s - Spellforged Servitor  Conj/Summ      53%        N/A       3%          7
w - Swiftness             Air            74%        N/A       8%          3
x - Irradiate             Conj/Tmut      43%        3d27      2%          5

Your spell library contained the following spells:

 Spells                   Type           Power      Damage    Failure   Level
 Animate Skeleton         Necr           100%       N/A       0%          1
 Magic Dart               Conj           100%       1d8       0%          1
 Pain                     Necr           100%       1d9       0%          1
 Sandblast                Erth           100%       2d20      0%          1
 Summon Small Mammal      Summ           100%       N/A       0%          1
 Searing Ray              Conj           100%       2d8       0%          2
 Vampiric Draining        Necr           100%       2d13      0%          3
 Slow                     Hex            100%       N/A       1%          1
 Corpse Rot               Necr/Air       100%       N/A       1%          2
 Ensorcelled Hibernation  Hex/Ice        100%       N/A       1%          2
 Passwall                 Tmut/Erth      96%        N/A       1%          2
 Static Discharge         Conj/Air       100%       N/A       1%          2
 Confusing Touch          Hex            85%        N/A       1%          3
 Dazzling Flash           Conj/Hex       100%       N/A       1%          3
 Ozocubu's Armour         Ice            89%        N/A       1%          3
 Portal Projectile        Hex/Tloc       100%       N/A       1%          3
 Summon Guardian Golem    Hex/Summ       99%        N/A       1%          3
 Sting                    Tmut/Pois      100%       1d8       2%          1
 Inner Flame              Hex/Fire       88%        N/A       2%          3
 Apportation              Tloc           100%       N/A       3%          1
 Poisonous Vapours        Pois/Air       100%       N/A       5%          2
 Gell's Gravitas          Tloc           52%        N/A       11%         3
 Lesser Beckoning         Tloc           52%        N/A       11%         3
 Teleport Other           Tloc           52%        N/A       11%         3
 Animate Armour           Summ/Erth      100%       N/A       0%          4
 Cause Fear               Hex            42%        N/A       1%          4
 Hailstorm                Conj/Ice       100%       3d20      1%          4
 Iskenderun's Mystic Bla  Conj/Tloc      82%        2d16      1%          4
 Leda's Liquefaction      Hex/Erth       61%        N/A       1%          4
 Petrify                  Tmut/Erth      100%       N/A       1%          4
 Summon Lightning Spire   Summ/Air       100%       N/A       1%          4
 Agony                    Necr           100%       N/A       1%          5
 Excruciating Wounds      Necr           79%        N/A       1%          5
 Iskenderun's Battlesphe  Conj           100%       2d15      1%          5
 Lee's Rapid Deconstruct  Erth           68%        3d32*     1%          5
 Summon Mana Viper        Hex/Summ       99%        N/A       1%          5
 Summon Hydra             Summ           56%        N/A       1%          7
 Lightning Bolt           Conj/Air       52%        1d74      3%          5
 Fireball                 Conj/Fire      50%        3d20      6%          5
 Metabolic Englaciation   Hex/Ice        49%        N/A       8%          5
 Summon Horrible Things   Summ           56%        N/A       11%         8
 Silence                  Hex/Air        46%        N/A       14%         5
 Lehudib's Crystal Spear  Conj/Erth      65%        10d15     22%         8
 Starburst                Conj/Fire      50%        6d14      32%         6
 Passage of Golubria      Tloc           52%        N/A       36%         4
 Olgreb's Toxic Radiance  Pois           46%        N/A       50%         4
 Alistair's Intoxication  Tmut/Pois      39%        N/A       52%         5
 Manifold Assault         Tloc           52%        N/A       71%         5
 Shatter                  Erth           68%        3d50*     83%         9
 Eringya's Noxious Bog    Tmut/Pois      29%        N/A       97%         6
 Dispersal                Tloc           26%        N/A       99%         6
 Ozocubu's Refrigeration  Ice            44%        4d13      99%         7
 Ignition                 Fire           31%        3d10      100%        8
 Maxwell's Capacitive Co  Air            37%        ∞         100%        8
 Chain Lightning          Conj/Air       52%        3d70      100%        9
 Fire Storm               Conj/Fire      50%        8d13      100%        9
 Sublimation of Blood     Necr           Unusable   N/A       N/A         2
 Beastly Appendage        Tmut           Unusable   N/A       N/A         1
 Wereblood                Tmut           Unusable   N/A       N/A         2
 Spider Form              Tmut/Pois      Unusable   N/A       N/A         3
 Statue Form              Tmut/Erth      Unusable   N/A       N/A         6
 Ice Form                 Ice/Tmut       Unusable   N/A       N/A         4
 Borgnjor's Revivificati  Necr           Unusable   N/A       N/A         8
 Blade Hands              Tmut           Unusable   N/A       N/A         5
 Death's Door             Necr           Unusable   N/A       N/A         9
 Necromutation            Tmut/Necr      Unusable   N/A       N/A         8
 Dragon Form              Tmut           Unusable   N/A       N/A         7
 Storm Form               Tmut/Air       Unusable   N/A       N/A         7

Dungeon Overview and Level Annotations

Branches:
Dungeon (15/15)            Temple (1/1) D:6            Lair (6/6) D:10
  Swamp (4/4) Lair:2        Snake (4/4) Lair:3        Slime (5/5) Lair:5
    Orc (2/2) D:10            Elf (3/3) Orc:2        Vaults (5/5) D:14
  Crypt (0/3) Vaults:3     Depths (4/4) D:15           Hell (visited)
    Dis (1/7) Hell            Geh (0/7) Hell            Coc (2/7) Hell
    Tar (0/7) Hell            Zot (5/5) Depths:4    Volcano (visited)
 WizLab (visited)

Altars:
Ashenzari
Dithmenos
Elyvilon
Fedhas
Gozag
Hepliaklqana
Kikubaaqudgha
Makhleb
Nemelex Xobeh
Okawaru
Qazlal
Ru
Sif Muna
Trog
Uskayaw
Wu Jian
Xom
Yredelemnul
Zin
The Shining One
Beogh
Jiyva

Shops:
D:3 [   D:7 [   Orc:1 *   Orc:2 *(=[   Elf:2 (   Elf:3 :=:   Snake:1 :
Vaults:1 !*(   Depths:1 ([=   Depths:4 =

Portals:
Hell: Depths:1 Depths:2 Depths:3 Depths:4
Abyss: Depths:3
Pandemonium: Depths:2
Ziggurat: Depths:1


Innate Abilities, Weirdness & Mutations

You are immune to poison.
Your flesh is cold resistant. (rC+)
You are immune to negative energy. (rN+++)
You are immune to unholy pain and torment.
You are vulnerable to heat. (rF-)
You are strongly in touch with the powers of death.
You do not drink.


Message History

The hellion closely misses your death scarab.
Something closely misses your death scarab.
Something gores your death scarab! Something sears your death scarab!
Your death scarab is destroyed!
The hellion misses your death scarab.
A smoke demon comes into view.
Your death scarab waves its antennae.
Something barely misses your death scarab.
The hellion misses your death scarab.
The hellion barely misses your death scarab.
Something misses your death scarab.
Something barely misses your death scarab.
The hellion completely misses your death scarab.
The smoke demon hits your death scarab but does no damage.
The smoke demon hits your death scarab.
The smoke demon barely misses your death scarab.
Something closely misses your death scarab.
Something barely misses your death scarab.
A soul eater comes into view.
The hellion gestures at you.
The sphere of damnation explodes!
The damnation engulfs you!!
* * * LOW HITPOINT WARNING * * *
The damnation engulfs your death scarab!! x2
The smoke demon closely misses your death scarab.
The smoke demon barely misses your death scarab.
The smoke demon misses your death scarab.
As you read the scroll of teleportation, it crumbles to dust.
You feel strangely unstable.
Something barely misses your death scarab.
Something gores your death scarab but does no damage.
The hellion gestures at you.
The sphere of damnation explodes!
The damnation engulfs you!!
* * * LOW HITPOINT WARNING * * *
The damnation engulfs your death scarab!
Your death scarab is destroyed!
The damnation engulfs your death scarab!!
Your death scarab is destroyed!
The hellion gestures at you.
The sphere of damnation explodes!
The damnation engulfs you!!
You die...

* ##.#####..........####.#
#........##......##...#. #####**
###.....###.....###.....
.....,*****#......###...## #.#..#
....#**,,..........##...# #######
.....***,...........##.## #.#
.....**,,##..........### ##.#
.....*,,**#...........####..#
.....*,** ########..###....)### #
....#,** #.*###..#####......###
.....** ##4##.@###.....##..#...
.....** *#.3BB.## #.....###..#..
...##,***#..#.9B####.....###..##.
####**,##.,*#.#23##.......###...#
## *,...####.2.2........####.##
.## ##.........###........#####
..####.#####...## ##..........#
##..##.## ###3# #.....##..##
###.....## ##.######.........#
##....#..####.....#####.#####.##
#......##.#..∩.....## ### ##.##


You could see a soul eater, a smoke demon, 2 hellions, a friendly spellforged
servitor (summoned) and 3 friendly death scarabs.

Vanquished Creatures
  3 pandemonium lords (Pan)
  Dissolution (Slime:4)
  4 dread liches
  3 ancient liches
  3 orbs of fire (Zot:5)
  A juggernaut (Zot:1)
  Sojobo (Vaults:5)
  The ghost of Zier the Planerender, a master TeSu of Sif Muna (Zot:5)
  Vv (Zot:2)
  9 Killer Klowns
  A curse toe (Zot:4)
  Xtahua (Vaults:5)
  the Enchantress (Depths:2)
  10 golden dragons
  4 bone dragons
  2 iron giants
  2 Tzitzimimeh (Pan)
  5 electric golems
  30 tentacled monstrosities
  12 Orb Guardians (Zot:5)
  5 searing wretches (Depths:1)
  A shard shrike zombie (Pan)
  Mlioglotl (Swamp:1)
  A tainted leviathan (Dis:1)
  A walking earthen tome (Depths:3)
  2 Hell Sentinels (Pan)
  4 liches
  Asterion (Depths:1)
  A walking divine tome (Depths:1)
  A walking frostbound tome (Depths:2)
  7 deep elf master archers
  2 deep elf blademasters (Elf:3)
  7 quicksilver dragons
  8 titans
  15 acid blobs
  16 death cobs
  3 thorn hunters
  3 tentacled starspawn
  14 Executioners
  Kirke (D:14)
  A sphinx (Vaults:5)
  21 storm dragons
  13 tengu reavers
  12 shadow dragons
  The ghost of Kaczukhla the Fencer, an adept DrGl of Ashenzari (Depths:3)
  3 fenstrider witches (WizLab)
  3 draconian monks (Zot:3)
  14 fire giants
  7 rockslimes (Slime:5)
  A daeva (Abyss:2)
  7 nagarajas (Snake:4)
  13 azure jellies
  A nargun (Coc:1)
  5 demonspawn warmongers (Pan)
  A revenant (Hell)
  5 draconian knights
  5 deep elf sorcerers
  11 frost giants
  Aizul (Elf:1)
  7 balrugs (Pan)
  22 vault wardens
  6 draconian scorchers
  6 draconian shifters
  12 ghost moths
  2 iron dragons
  5 draconian stormcallers
  Louise (Swamp:1)
  An orc warlord (Vaults:3)
  4 angels (Zot:3)
  10 cacodemons (Pan)
  A caustic shrike zombie (Pan)
  6 deep elf elementalists
  16 quicksilver oozes
  4 draconian annihilators
  5 demonspawn corrupters (Pan)
  25 very ugly things
  8 war gargoyles
  18 ironbound preservers
  4 demonspawn blood saints (Pan)
  14 green draconians
  4 reapers (Pan)
  A caustic shrike skeleton (Pan)
  3 spriggan defenders
  13 stone giants
  5 grey draconians (Zot:2)
  7 black draconians
  11 yellow draconians
  3 eleionomae (WizLab)
  7 ironbound thunderhulks
  9 deep elf annihilators
  5 demonspawn black suns (Pan)
  4 deep elf demonologists
  12 lorocyprocas
  Azrael (D:12)
  A wendigo (Hell)
  2 elemental wellsprings (Coc:1)
  12 purple draconians
  3 bunyips
  11 dire elephants
  8 red draconians
  10 spark wasps
  Snorg (Lair:3)
  9 white draconians
  2 crystal guardians
  2 iron golems (Hell)
  24 blizzard demons
  8 green deaths (Pan)
  15 yaktaur captains
  12 ettins
  A deep elf death mage (Elf:3)
  Josephine (D:10)
  7 fire dragons
  11 deep elf high priests
  A quicksilver dragon skeleton (Pan)
  A quicksilver dragon zombie (Pan)
  4 rakshasas
  9 great orbs of eyes
  2 shambling mangroves
  35 vault guards
  28 hydras
  2 caustic shrike simulacra
  9 ice dragons
  3 spriggan air magi
  A hell beast (Pan)
  2 ghost crabs (Swamp:3)
  3 peacekeepers
  A catoblepas (D:15)
  2 boulder beetles
  A death knight (D:13)
  2 juggernaut simulacra
  25 naga warriors
  18 centaur warriors
  7 ironbound frosthearts
  3 satyrs (WizLab)
  6 anacondas
  2 ogre magi (Vaults:5)
  3 alligators
  25 dancing weapons
  5 deep troll shamans
  4 two-headed ogres
  6 tengu warriors
  2 death yaks (Lair:3)
  2 spriggan berserkers
  A vampire mage (Depths:2)
  14 naga sharpshooters
  77 sun demons
  3 deep troll earth magi
  3 thrashing horrors
  7 hell knights
  7 orc high priests
  3 shock serpents
  53 soul eaters
  23 deep elf knights
  14 spriggans
  15 sixfirhies
  A shadow wraith (Vaults:5)
  A death drake (Swamp:3)
  6 spriggan druids
  A titan skeleton (Pan)
  8 iron trolls
  3 flayed ghosts
  6 salamander mystics (Snake:4)
  66 deep trolls
  7 goliath frogs
  3 anaconda zombies (Pan)
  2 tengu zombies (Pan)
  9 swamp dragons
  A spriggan simulacrum (Hell)
  2 bog bodies
  An obsidian statue (Zot:5)
  A golden dragon skeleton (Pan)
  5 shadow demons (Pan)
  7 wizards
  7 naga ritualists
  2 phantasmal warriors (Vaults:5)
  4 harpies (Vaults:4)
  A bunyip skeleton (Abyss:2)
  28 deep elf zephyrmancers
  An iron dragon zombie (Depths:1)
  24 ironbound convokers
  5 glowing orange brains
  7 lindwurms
  4 deep elf archers
  11 mana vipers
  6 necromancers
  A fire giant zombie (Depths:1)
  29 deep elf pyromancers
  6 orc knights
  2 oklob plants
  3 orc sorcerers
  3 fauns (WizLab)
  6 shining eyes
  A stone giant zombie (Pan)
  36 ugly things
  41 moths of wrath
  129 slime creatures
  4 cyclopes
  A shining eye (shapeshifter) (Vaults:5)
  3 manticores
  3 will-o-the-wisps
  A sphinx skeleton (Vaults:4)
  A moth of wrath (shapeshifter) (D:15)
  9 salamanders
  A wolf spider (shapeshifter) (Vaults:5)
  2 fire giant skeletons
  A worldbinder (Abyss:2)
  4 rust devils
  40 black mambas
  15 vault sentinels
  3 stone giant skeletons (Pan)
  Maurice (Orc:2)
  2 ice statues (Pan)
  2 titan simulacra
  2 demonspawn zombies (Pan)
  2 molten gargoyles (Volcano)
  5 guardian serpents
  19 naga magi
  37 smoke demons
  15 elephants
  A water nymph (shapeshifter) (Zot:3)
  13 orange demons (Pan)
  2 apocalypse crabs (Abyss:2)
  2 gargoyles
  17 cane toads
  An elf skeleton (Pan)
  2 demonspawn skeletons (Pan)
  6 eyes of devastation
  A spriggan zombie (Pan)
  An unseen horror (D:13)
  20 demonic crawlers (Pan)
  8 komodo dragons
  32 hellions (Pan)
  4 rime drakes
  A bunyip simulacrum (Coc:1)
  A yaktaur zombie (Pan)
  A kobold demonologist (D:12)
  44 yaktaurs
  2 freezing wraiths
  An unseen horror (shapeshifter) (Zot:3)
  An elf zombie (Pan)
  4 ice devils
  2 efreet
  3 tormentors (Pan)
  5 tengu conjurers
  3 red devils
  20 hellwings (Pan)
  2 human skeletons (Pan)
  A yaktaur skeleton (Pan)
  An anaconda simulacrum (Coc:1)
  A harpy zombie (Pan)
  53 large abominations
  A bloated husk (Swamp:2)
  2 polar bears
  7 trolls
  A troll (shapeshifter) (Elf:2)
  7 tyrant leeches
  9 hornets
  A shadow dragon simulacrum (Coc:1)
  2 iron dragon simulacra
  3 raiju (Abyss:4)
  22 blink frogs
  A merfolk (shapeshifter) (Depths:1)
  A stone giant simulacrum (Coc:1)
  A dream sheep (Lair:3)
  A slime creature (shapeshifter) (Abyss:1)
  A fire dragon zombie (Pan)
  An ettin zombie (Vaults:4)
  4 air elementals
  An ettin skeleton (Pan)
  A centaur simulacrum (Hell)
  7 spriggan skeletons
  4 water elementals
  17 ynoxinuls
  13 starcursed masses
  48 yaks
  A naga simulacrum (Coc:1)
  3 wyverns
  9 fire elementals
  4 basilisks
  A dire elephant simulacrum (Coc:1)
  2 fire bats (Volcano)
  9 humans (D:14)
  An orc simulacrum (Coc:1)
  7 wraiths
  5 nameless horrors
  5 neqoxecs (Pan)
  4 hogs (D:14)
  A redback (Vaults:5)
  6 golden eyes
  16 vampire mosquitoes
  22 chaos spawn
  A steam dragon (D:9)
  15 swamp worms
  2 wargs (Orc:1)
  2 harpy simulacra
  49 nagas
  3 acid dragons (D:11)
  2 floating eyes
  14 water moccasins
  5 hell hounds (D:12)
  12 swamp drakes
  2 deep troll skeletons (Pan)
  A sky beast (D:7)
  32 orc warriors
  5 black bears
  A fire dragon simulacrum (Coc:1)
  10 ogres
  An ettin simulacrum (Hell)
  11 centaurs
  7 wolves
  A phantom (D:4)
  3 kobold brigands (D:4)
  18 bullfrogs
  3 scorpions
  5 small abominations
  An earth elemental (Elf:2)
  7 wights
  9 killer bees
  3 electric eels
  5 howler monkeys
  A crimson imp (Pan)
  9 lava snakes (Volcano)
  7 hounds
  2 jellies
  A quasit (Abyss:2)
  29 orc priests
  2 iron imps
  Jessica (D:3)
  22 orc wizards
  4 iguanas
  A hell rat (Lair:3)
  Robin (D:2)
  4 gnolls (D:2)
  9 adders
  4 shadow imps
  3 white imps
  4 ufetubi
  A worm (D:2)
  A dart slug (D:5)
  67 orcs
  9 endoplasms
  3 giant cockroaches
  12 goblins
  13 hobgoblins
  4 jackals (D:4)
  5 quokkas
  7 ball pythons
  2 bats (D:1)
  2 frilled lizards (D:1)
  16 kobolds
  6 rats
  4 briar patches
  2 creeping infernos (Hell)
  8 fire vortices (Hell)
  A fulminant prism (D:14)
  A pillar of salt (Zot:3)
  2 starspawn tentacles
2818 creatures vanquished.

Vanquished Creatures (collateral kills)
  the Royal Jelly (Slime:5)
  Lom Lobon (Pan)
  4 orbs of fire
  Mennas (Vaults:3)
  A juggernaut (Depths:3)
  2 Killer Klowns (Zot:5)
  A caustic shrike (Depths:3)
  Frederick (Depths:3)
  Geryon (Hell)
  2 golden dragons (Zot:5)
  A pandemonium lord (Pan)
  3 Tzitzimimeh (Pan)
  A tentacled monstrosity (Zot:5)
  13 Orb Guardians (Zot:5)
  A searing wretch (Depths:1)
  An Ice Fiend (Pan)
  2 liches
  A titan (Dis:1)
  5 acid blobs (Slime:5)
  A tentacled starspawn (Abyss:1)
  4 Executioners (Pan)
  A sphinx (Depths:3)
  A quicksilver dragon (Zot:4)
  A shadow dragon (Depths:3)
  4 rockslimes (Slime:5)
  5 storm dragons
  A demonspawn warmonger (Pan)
  A fire giant (Depths:3)
  2 draconian monks (Zot:2)
  A draconian knight (Zot:4)
  3 ghost moths
  5 cacodemons (Pan)
  3 balrugs
  4 demonspawn blood saints (Pan)
  2 draconian scorchers (Zot:3)
  2 quicksilver oozes (Slime:5)
  3 draconian shifters
  2 very ugly things
  2 demonspawn corrupters (Pan)
  4 reapers (Pan)
  2 grey draconians (Zot:2)
  The ghost of dricus the Martial Artist, a journeyman GnWn of Wu Jian (Lair:6)
  3 draconian annihilators (Zot:5)
  A juggernaut skeleton (Pan)
  An ironbound preserver (Vaults:4)
  4 green draconians
  2 demonspawn black suns (Pan)
  An elemental wellspring (Coc:1)
  3 dire elephants
  A lorocyproca (Pan)
  3 red draconians
  4 purple draconians
  4 yellow draconians
  2 white draconians
  A green death (Pan)
  10 blizzard demons (Pan)
  A great orb of eyes (Vaults:4)
  A rakshasa (Abyss:2)
  A juggernaut simulacrum (Pan)
  2 spriggan skeletons (Pan)
  A stoker (Hell)
  A thrashing horror (Abyss:1)
  4 hell knights
  18 sun demons
  17 soul eaters (Pan)
  A titan skeleton (Pan)
  A salamander mystic (Snake:3)
  2 wretched stars
  An iron troll (Hell)
  A spatial maelstrom (Abyss:1)
  9 sixfirhies (Pan)
  A deep troll (Vaults:4)
  A golden dragon skeleton (Pan)
  3 shadow demons (Pan)
  A deep elf archer (Elf:3)
  An iron giant skeleton (Pan)
  5 necromancers
  A wizard (Pan)
  A frost giant zombie (Pan)
  2 ugly things (Vaults:4)
  A cyclops (shapeshifter) (D:15)
  A moth of wrath (Lair:6)
  A sphinx skeleton (Pan)
  A shining eye (Slime:1)
  A black mamba (Snake:3)
  A stone giant skeleton (Pan)
  2 rust devils
  2 nameless horrors
  An iron dragon skeleton (Pan)
  23 smoke demons
  5 orange demons (Pan)
  3 ice statues (Pan)
  17 hellions (Pan)
  A naga skeleton (Pan)
  A spriggan zombie (Pan)
  4 tormentors (Pan)
  3 ice devils (Pan)
  4 hellwings (Pan)
  2 demonspawn skeletons (Pan)
  5 demonic crawlers (Pan)
  2 efreet (Abyss:2)
  A hydra skeleton (Pan)
  34 slime creatures
  6 starcursed masses
  2 elf skeletons (Pan)
  3 spriggans (Lair:6)
  4 ynoxinuls
  A golden eye (Abyss:2)
  4 neqoxecs
  4 chaos spawn
  15 large abominations
  A hell hound (D:12)
  A human zombie (Pan)
  A fire dragon simulacrum (Coc:1)
  4 small abominations
  2 crimson imps (Abyss:2)
  An iron imp (Abyss:2)
  2 white imps (Abyss:2)
382 creatures vanquished.

Vanquished Creatures (others)
  A fire giant (Depths:3)
  A ghost moth (Pan)
  A demonspawn blood saint (Pan)
  A demonspawn black sun (Pan)
  2 rakshasas (Depths:1)
  An anaconda (Snake:3)
  A sixfirhy (Pan)
  A naga ritualist (Snake:3)
  3 wizards (Pan)
  A deep elf zephyrmancer (Elf:1)
  A salamander (Snake:3)
  5 smoke demons (Pan)
  5 hellwings (Pan)
  A rime drake (shapeshifter) (Vaults:5)
  A bloated husk (Swamp:2)
  A hornet (Swamp:3)
  A dire elephant simulacrum (Coc:2)
  A water elemental (Elf:1)
  A large abomination (Pan)
  A naga simulacrum (Hell)
  An orc (D:8)
  6 ball lightnings (Pan)
  2 blocks of ice (Pan)
  3 briar patches (WizLab)
  4 bushes (WizLab)
  12 demonic plants (Elf:3)
  8 foxfires
  478 fulminant prisms
  55 fungi
  2 pillars of salt (Zot:3)
  135 plants
  9 starspawn tentacles
746 creatures vanquished.

Grand Total: 3946 creatures vanquished

Notes
Turn   | Place    | Note
-------+----------+-------------------------------------------
     0 | D:1      | Gather the Mummy Conjurer began the quest for the Orb.
     0 | D:1      | Reached XP level 1. HP: 13/13 MP: 4/4
   173 | D:1      | Reached skill level 3 in Spellcasting
   183 | D:1      | Reached XP level 2. HP: 17/20 MP: 1/6
   257 | D:1      | Learned a level 2 spell: Searing Ray
   412 | D:1      | Reached skill level 1 in Fighting
  1100 | D:1      | Found a faded altar of an unknown god.
  1232 | D:2      | Gained mutation: You are in touch with the powers of death.
                  | [Mummy growth]
  1232 | D:2      | Reached XP level 3. HP: 26/26 MP: 3/7
  1504 | D:2      | Reached XP level 4. HP: 32/33 MP: 0/9
  2058 | D:2      | Noticed Robin
  2066 | D:2      | Killed Robin
  2067 | D:2      | Reached skill level 4 in Spellcasting
  3004 | D:3      | Noticed Jessica
  3010 | D:3      | Killed Jessica
  3011 | D:3      | Reached XP level 5. HP: 39/39 MP: 7/11
  3048 | D:3      | Got Jessica's Catalogue of Dislocation
  3229 | D:3      | Found a blossoming altar of Fedhas.
  3353 | D:3      | Found Caneagax's Antique Armour Boutique.
  3991 | D:4      | Reached XP level 6. HP: 8/47 MP: 0/13
  4258 | D:4      | Reached skill level 5 in Spellcasting
  4783 | D:3      | Bought a dyed leather armour for 155 gold pieces
  4834 | D:4      | Reached XP level 7. HP: 54/54 MP: 12/15
  5068 | D:4      | Reached skill level 5 in Conjurations
  5179 | D:4      | Reached skill level 6 in Spellcasting
  5184 | D:4      | Learned a level 4 spell: Fulminant Prism
  5188 | D:4      | Learned a level 3 spell: Vampiric Draining
  5359 | D:4      | Reached skill level 1 in Armour
  5678 | D:5      | Entered Level 5 of the Dungeon
  6068 | D:5      | Reached skill level 5 in Fighting
  6068 | D:5      | Reached XP level 8. HP: 59/62 MP: 11/18
  6282 | D:5      | Reached skill level 1 in Hexes
  6932 | D:6      | Found a staircase to the Ecumenical Temple.
  6942 | Temple   | Entered the Ecumenical Temple
  7093 | Temple   | Became a worshipper of Kikubaaqudgha
  7317 | D:6      | Identified a scroll of acquirement
  7318 | D:6      | Acquired a +2 buckler of protection
  7359 | D:6      | Reached skill level 1 in Shields
  8432 | D:7      | Found Viqeriel's Antique Armour Shoppe.
  8608 | D:7      | Reached * piety under Kikubaaqudgha
  8608 | D:7      | Received a gift from Kikubaaqudgha
  8611 | D:7      | Learned a level 1 spell: Animate Skeleton
  8617 | D:7      | Learned a level 5 spell: Agony
  8804 | D:7      | Reached XP level 9. HP: 68/68 MP: 11/19
  8947 | D:7      | Reached skill level 5 in Hexes
  9504 | D:7      | Bought a pair of embroidered gloves for 165 gold pieces
 10214 | D:8      | Reached skill level 1 in Necromancy
 10219 | D:8      | Noticed a five-headed hydra
 10702 | D:8      | Killed a five-headed hydra
 10702 | D:8      | Reached ** piety under Kikubaaqudgha
 10703 | D:8      | Reached XP level 10. HP: 13/74 MP: 3/20
 11214 | D:8      | Reached skill level 7 in Spellcasting
 11220 | D:8      | Reached skill level 5 in Necromancy
 11666 | D:9      | Reached skill level 8 in Spellcasting
 11782 | D:9      | Learned a level 3 spell: Dazzling Flash
 12345 | D:9      | Found a bloodstained altar of Trog.
 12679 | D:9      | Reached XP level 11. HP: 72/79 MP: 13/23
 12734 | D:9      | Noticed a deep elf pyromancer
 12744 | D:9      | Killed a deep elf pyromancer
 12841 | D:9      | Reached skill level 1 in Staves
 12841 | D:9      | Reached skill level 1 in Evocations
 12934 | D:9      | Reached *** piety under Kikubaaqudgha
 12934 | D:9      | Received a gift from Kikubaaqudgha
 12940 | D:9      | Learned a level 4 spell: Anguish
 12945 | D:9      | Learned a level 4 spell: Animate Dead
 13183 | D:10     | Entered Level 10 of the Dungeon
 13191 | D:10     | Found a staircase to the Orcish Mines.
 13228 | D:10     | Noticed a centaur warrior
 13373 | D:10     | Killed a centaur warrior
 13569 | D:10     | Noticed Josephine
 13885 | D:10     | Killed Josephine
 13899 | D:10     | Noticed a two-headed ogre
 14145 | D:10     | Found a sparkling altar of Nemelex Xobeh.
 14278 | D:10     | Killed a two-headed ogre
 14575 | D:10     | Found a staircase to the Lair.
 14942 | Lair:1   | Entered Level 1 of the Lair of Beasts
 15697 | Lair:1   | Reached XP level 12. HP: 86/86 MP: 10/24
 15962 | Lair:1   | Upgraded the game from 0.29-a0-251-g80730f7218 to
                  | 0.29-a0-266-gf56f883ddd
 16128 | Lair:2   | Reached **** piety under Kikubaaqudgha
 16608 | Lair:2   | Found a staircase to the Swamp.
 17025 | Lair:2   | Found a staircase to the Swamp.
 17552 | Lair:3   | Reached skill level 9 in Spellcasting
 17586 | Lair:3   | Noticed Snorg
 17805 | Lair:3   | Identified the +3 leather armour of Diunt {rElec Dex+2
                  | Stlth+}
 17829 | Lair:3   | Reached skill level 10 in Spellcasting
 18058 | Lair:3   | Reached skill level 11 in Spellcasting
 18068 | Lair:3   | Found a dark tunnel.
 18094 | Volcano  | Entered a volcano
 18736 | Volcano  | Noticed a centaur warrior
 18846 | Volcano  | Killed a centaur warrior
 19140 | Volcano  | Found a bloodstained altar of Trog.
 19843 | Lair:3   | Noticed a death yak
 19849 | Lair:3   | Killed Snorg
 20023 | Lair:3   | Learned a level 5 spell: Borgnjor's Vile Clutch
 20074 | Lair:3   | Killed a death yak
 20075 | Lair:3   | Reached skill level 1 in Earth Magic
 20276 | Lair:3   | Noticed a death yak
 20286 | Lair:3   | Killed a death yak
 20299 | Lair:2   | Gained mutation: You are strongly in touch with the powers
                  | of death. [Mummy growth]
 20299 | Lair:2   | Reached XP level 13. HP: 88/93 MP: 2/28
 20755 | Lair:3   | Learned a level 3 spell: Swiftness
 21080 | Lair:3   | Found a staircase to the Snake Pit.
 21924 | Lair:4   | Reached ***** piety under Kikubaaqudgha
 22026 | Lair:4   | Reached skill level 1 in Air Magic
 23131 | Lair:5   | Found a staircase to the Slime Pits.
 23968 | Lair:4   | Reached skill level 5 in Shields
 24694 | Lair:6   | Entered Level 6 of the Lair of Beasts
 24741 | Lair:6   | Reached skill level 5 in Earth Magic
 24763 | Lair:6   | Reached skill level 5 in Dodging
 25636 | Lair:6   | Reached skill level 5 in Armour
 26418 | Lair:6   | Reached XP level 14. HP: 90/104 MP: 21/29
 26822 | Lair:6   | Found a transporter.
 27383 | Lair:6   | Found a bloodstained altar of Trog.
 27383 | Lair:6   | Noticed dricus's ghost (journeyman GnWn)
 27401 | Lair:6   | Found a transporter.
 28225 | Lair:6   | Got Lulaqip's Collected Works on Enchantment
 28636 | D:11     | Upgraded the game from 0.29-a0-266-gf56f883ddd to
                  | 0.29-a0-268-g5627465c62
 29789 | D:12     | Noticed Azrael
 29915 | D:12     | Killed Azrael
 30246 | D:12     | Found an ornate altar of the Wu Jian Council.
 30968 | D:13     | Reached skill level 12 in Spellcasting
 31343 | D:13     | Reached skill level 5 in Stealth
 32375 | D:14     | Found a gate to the Vaults.
 32756 | D:14     | Learned a level 2 spell: Blink
 33217 | D:14     | Noticed Kirke
 33238 | D:14     | Killed Kirke
 33239 | D:14     | Reached XP level 15. HP: 91/112 MP: 12/31
 33439 | D:15     | Entered Level 15 of the Dungeon
 34087 | D:15     | Reached skill level 1 in Translocations
 36050 | D:15     | Found a staircase to the Depths.
 36316 | Orc:1    | Entered Level 1 of the Orcish Mines
 36934 | Orc:2    | Entered Level 2 of the Orcish Mines
 37093 | Orc:2    | Reached ****** piety under Kikubaaqudgha
 38299 | Orc:2    | Noticed Maurice
 38303 | Orc:2    | Killed Maurice
 38304 | Orc:2    | Reached skill level 10 in Conjurations
 38413 | Orc:2    | Found a staircase to the Elven Halls.
 38803 | Orc:2    | Found Zoas's Antique Weapon Boutique.
 38806 | Orc:2    | Found Nukegeic's Jewellery Shop.
 38807 | Orc:2    | Found Pelos's General Store.
 38808 | Orc:2    | Found Nosh's Antique Armour Boutique.
 38811 | Orc:2    | Bought a scroll of amnesia for 42 gold pieces
 38820 | Orc:2    | Learned a level 6 spell: Iron Shot
 39018 | Orc:2    | Found a bloodstained altar of Trog.
 39036 | Orc:1    | Found Vub Digyen's Gadget Gallery.
 39037 | Orc:1    | Received a gift from Kikubaaqudgha
 39760 | Snake:1  | Entered Level 1 of the Snake Pit
 39942 | Snake:1  | Found Hiex's Book Shoppe.
 40184 | Snake:1  | Bought a manual of Evocations for 1280 gold pieces
 40350 | Orc:1    | Bought a condenser vane for 680 gold pieces
 40848 | Snake:1  | Reached skill level 5 in Evocations
 41711 | Snake:2  | Found a burning altar of Makhleb.
 43921 | Snake:2  | Reached XP level 16. HP: 92/119 MP: 13/32
 46745 | Snake:3  | Identified the +1 ring mail of the Ageless Nightmares {rN+
                  | Int-4 Dex+2}
 47620 | Snake:3  | Reached skill level 5 in Staves
 48781 | Snake:3  | Upgraded the game from 0.29-a0-268-g5627465c62 to
                  | 0.29-a0-271-gd4eb659eea
 48828 | Snake:4  | Entered Level 4 of the Snake Pit
 51134 | Snake:4  | Reached XP level 17. HP: 125/125 MP: 23/33
 52254 | Snake:4  | Got a serpentine rune of Zot
 52740 | Swamp:1  | Entered Level 1 of the Swamp
 52782 | Swamp:1  | Reached skill level 10 in Evocations
 53035 | Swamp:1  | Noticed Louise
 53038 | Swamp:1  | Cast into level 2 of the Abyss (Louise)
 53053 | Swamp:1  | Escaped the Abyss
 53057 | Swamp:1  | Killed Louise
 53228 | Swamp:1  | Reached skill level 10 in Earth Magic
 53244 | Swamp:1  | Noticed Mlioglotl
 53390 | Swamp:1  | Killed Mlioglotl
 53919 | Swamp:2  | Reached skill level 10 in Necromancy
 56869 | Swamp:4  | Entered Level 4 of the Swamp
 57145 | Orc:1    | Bought a lightning rod (4/4) for 510 gold pieces
 59246 | Swamp:4  | Reached XP level 18. HP: 132/132 MP: 3/34
 59985 | Swamp:4  | Got a decaying rune of Zot
 60222 | Elf:1    | Entered Level 1 of the Elven Halls
 60483 | Elf:1    | Upgraded the game from 0.29-a0-271-gd4eb659eea to
                  | 0.29-a0-275-g389c0b56f3
 62195 | Elf:1    | Noticed Aizul
 62200 | Elf:1    | Killed Aizul
 62619 | Elf:1    | Got Asmodeus's Collected Works on Illusion
 63557 | Elf:2    | Found Acvar's Weapon Emporium.
 63701 | Elf:2    | Found a runed translucent gate.
 63701 | Elf:2    | Found a runed translucent gate.
 63701 | Elf:2    | Found a runed translucent gate.
 65544 | Elf:3    | Entered Level 3 of the Elven Halls
 66429 | Elf:3    | Noticed an Ice Fiend
 67155 | Elf:3    | Reached skill level 10 in Fighting
 67217 | Elf:3    | Reached XP level 19. HP: 131/140 MP: 19/35
 71224 | Elf:3    | Identified the +7 war axe of the Lusting Queen {vorpal,
                  | Dex+2}
 71224 | Elf:3    | Identified the ring of Mistrust {*Slow Fly Str-5 Int+6
                  | SInv}
 71803 | Elf:3    | Noticed a Tzitzimitl
 72119 | Elf:3    | Identified the +10 war axe "Qawnoc" {venom, MP+9 SInv}
 72119 | Elf:3    | Identified the ring "Miepp" {+Blink rC+ Will+ rCorr SInv}
 72859 | Elf:3    | Identified the +6 dagger of Amixizemu {antimagic, Int+4}
 72959 | Elf:3    | Identified the +7 hunting sling of Ujeg {freeze, Contam
                  | rElec rPois}
 73022 | Elf:3    | Identified the +4 scimitar of the Candelabrum {vorpal,
                  | rPois rF+ rC+ Str+3}
 73030 | Elf:3    | Got the Catalogue of Bewitching Calling
 73037 | Elf:3    | Identified the +1 longbow "Nattos" {venom, rPois}
 73039 | Elf:3    | Got Ycear's Guide on Weightlessness and Fire
 73255 | Elf:3    | Identified the +1 battleaxe of Certain Death {antimagic,
                  | *Noise Str+8 Int+4 Stlth+}
 73255 | Elf:3    | Identified the ring of the Salmon {rElec rPois rF+}
 73628 | Elf:3    | Found Gycympov's Book Shoppe.
 73628 | Elf:3    | Found Guq Keo's Jewellery Shop.
 73675 | Elf:3    | Found Wuhiumu's Book Shoppe.
 73998 | Vaults:1 | Entered Level 1 of the Vaults
 75574 | Vaults:1 | Found Dimm's Distillery.
 75967 | Vaults:1 | Found Ohuin's General Store.
 75975 | Vaults:1 | Bought a scroll of acquirement for 520 gold pieces
 75975 | Vaults:1 | Acquired the +1 cloak of the Heavens {Will+ Str+3}
 75998 | Vaults:1 | Found Ifixobla's Weapon Boutique.
 78562 | Vaults:2 | Reached XP level 20. HP: 139/148 MP: 28/36
 79569 | Orc:2    | Bought the ring "Ypno Qau" {AC+4 Int+3} for 542 gold pieces
 81037 | Vaults:2 | Reached skill level 13 in Spellcasting
 82635 | Vaults:3 | Found a staircase to the Crypt.
 82635 | Vaults:3 | Found a basalt altar of Yredelemnul.
 82635 | Vaults:3 | Found an ancient bone altar of Kikubaaqudgha.
 83170 | Vaults:3 | Reached skill level 15 in Necromancy
 83679 | Vaults:3 | Noticed Mennas
 84504 | Vaults:4 | Reached skill level 14 in Spellcasting
 84681 | Vaults:4 | Learned a level 6 spell: Simulacrum
 84705 | Vaults:4 | Reached skill level 1 in Ice Magic
 85625 | Vaults:4 | Reached skill level 5 in Ice Magic
 86256 | Vaults:4 | Reached XP level 21. HP: 154/154 MP: 26/39
 87313 | Vaults:4 | Identified the +8 flail of the Abyss {speed, Will+ Int+8
                  | SInv}
 88155 | Vaults:4 | Reached skill level 10 in Dodging
 88778 | Vaults:5 | Entered Level 5 of the Vaults
 88983 | Depths:1 | Entered Level 1 of the Depths
 89144 | Depths:1 | Found Hizupsax's Jewellery Boutique.
 89144 | Depths:1 | Found Ihuess's Armour Shop.
 89148 | Depths:1 | Found Weqioth's Antique Weapon Boutique.
 89172 | Depths:1 | Found a magical portal.
 89213 | WizLab   | Entered Eringya's Formal Garden
 90433 | WizLab   | Found a blossoming altar of Fedhas.
 90952 | Depths:1 | Found a gateway to Hell.
 91332 | Depths:1 | Noticed Asterion
 91353 | Depths:1 | Killed Asterion
 91822 | Depths:1 | Found a sparkling altar of Nemelex Xobeh.
 91882 | Depths:1 | Reached XP level 22. HP: 154/161 MP: 13/40
 92116 | Depths:1 | Found a one-way gateway to a ziggurat.
 92572 | Depths:1 | You are sucked into a shaft and drop 1 floor!
 92581 | Depths:2 | Noticed the Enchantress
 92960 | Depths:2 | Noticed a golden dragon
 92962 | Depths:2 | Identified the +5 arbalest of Corruption {venom, rN+ Will+}
 93528 | Depths:2 | Killed the Enchantress
 94043 | Depths:1 | Learned a level 6 spell: Death Channel
 94660 | Depths:1 | Found Hizupsax's Jewellery Boutique.
 94662 | Depths:1 | Found Ihuess's Armour Shop.
 94664 | Depths:1 | Found Weqioth's Antique Weapon Boutique.
 94723 | Depths:1 | Found a sparkling altar of Nemelex Xobeh.
 94746 | Depths:1 | Killed a golden dragon
 95271 | Depths:1 | Found Hizupsax's Jewellery Boutique.
 95273 | Depths:1 | Found Ihuess's Armour Shop.
 95275 | Depths:1 | Found Weqioth's Antique Weapon Boutique.
 95652 | Depths:1 | Found a one-way gateway to a ziggurat.
 96080 | Depths:2 | Found a one-way gate leading to the halls of Pandemonium.
 96368 | Depths:1 | Found a sparkling altar of Nemelex Xobeh.
 97348 | Depths:3 | Noticed a juggernaut
 97351 | Depths:3 | Noticed a caustic shrike
 97470 | Depths:3 | Found a one-way gate to the infinite horrors of the Abyss.
 97572 | Depths:3 | Reached skill level 15 in Spellcasting
 97714 | Depths:3 | Noticed Frederick
 97719 | Depths:3 | Killed Frederick
 98414 | Depths:3 | Found a runed translucent door.
 98416 | Depths:3 | Noticed Kaczukhla's ghost (adept DrGl)
 98905 | Depths:3 | Identified the +8 war axe "Trog's Indignation" {holy, rF+
                  | Str+4 Int+4 Dex-3}
 99017 | Depths:3 | Killed Kaczukhla's ghost
 99031 | Depths:3 | Identified the +8 quarterstaff of the Pariah {venom, rPois
                  | rN++ Will+ Dex-2}
 99253 | Depths:4 | Entered Level 4 of the Depths
 99301 | Depths:4 | Reached skill level 16 in Spellcasting
 99922 | Depths:4 | Found a gate to the Realm of Zot.
 99922 | Depths:4 | Noticed a golden dragon
 99943 | Depths:4 | Killed a golden dragon
100148 | Depths:4 | Reached skill level 15 in Earth Magic
100152 | Depths:4 | Paralysed by a floating eye for 4 turns
100433 | Depths:4 | Found Ritwe's Jewellery Shoppe.
100463 | Depths:4 | Identified the +1 robe "Nis Ebab" {rC+ Str+2}
101211 | Depths:4 | Learned a level 8 spell: Infestation
101558 | Slime:1  | Entered Level 1 of the Pits of Slime
104303 | Slime:2  | Reached skill level 17 in Spellcasting
104444 | Slime:2  | Reached XP level 23. HP: 167/167 MP: 38/44
106468 | Slime:4  | Noticed Dissolution
106474 | Slime:4  | Killed Dissolution
107714 | Slime:5  | Entered Level 5 of the Pits of Slime
109382 | Slime:5  | Noticed the Royal Jelly
110294 | Slime:5  | Found a viscous altar of Jiyva.
111052 | Slime:5  | Killed the Royal Jelly
112373 | Slime:5  | Got a slimy rune of Zot
112374 | Slime:5  | Identified the ring "Otimemips" {Fly rC+ Str+4 Dex+2}
112403 | Slime:5  | Got the Handbook of Feathery Clay
112413 | Slime:5  | Identified the +7 hand axe of the Skies Above {venom, Fly
                  | rF+ Will+}
112572 | Slime:5  | Identified the +2 war axe of Impatience {flame, rF+ Str+3}
113419 | Zot:1    | Entered Level 1 of the Realm of Zot
113665 | Depths:4 | Reached skill level 18 in Spellcasting
113793 | Depths:4 | Learned a level 5 spell: Irradiate
113804 | Depths:4 | Reached skill level 1 in Transmutations
117200 | Vaults:4 | Reached skill level 15 in Conjurations
117608 | Vaults:5 | Reached XP level 24. HP: 167/173 MP: 28/45
118667 | Vaults:5 | Noticed Sojobo
118711 | Vaults:5 | Paralysed by an air elemental for 1 turns
119018 | Vaults:5 | Noticed Xtahua
119019 | Vaults:5 | Noticed a dread lich
119580 | Vaults:5 | Identified the +5 war axe of Eternal Night {protect, rPois
                  | rCorr}
119977 | Vaults:5 | Identified the +5 bardiche of Bovokiv {venom, Will- Int+3
                  | Stlth+}
120277 | Vaults:5 | Paralysed by an air elemental for 1 turns
120279 | Vaults:5 | Paralysed by an air elemental for 1 turns
120280 | Vaults:5 | Killed Sojobo
120645 | Vaults:5 | Identified the ring "Qeil" {Fire Fly}
120990 | Vaults:5 | Reached skill level 10 in Stealth
121010 | Vaults:5 | Killed a dread lich
121252 | Vaults:5 | Identified the ring of Vufudil {Fly rC+ MP+9 Int+3}
121538 | Vaults:5 | Noticed an ancient lich
121628 | Vaults:5 | Killed an ancient lich
122309 | Vaults:5 | Killed Xtahua
123168 | Vaults:5 | Identified the +0 pair of boots of Conscience {Int+2}
123183 | Vaults:5 | Got a silver rune of Zot
123285 | Vaults:5 | Reached skill level 1 in Throwing
123923 | Zot:1    | Found a shimmering altar of Xom.
124945 | Zot:2    | Noticed a juggernaut
125648 | Zot:1    | Killed a juggernaut
125983 | Zot:2    | Reached XP level 25. HP: 188/188 MP: 37/45
125983 | Zot:2    | Upgraded the game from 0.29-a0-275-g389c0b56f3 to
                  | 0.29-a0-283-ga02f740833
126592 | Zot:2    | Reached skill level 19 in Spellcasting
126675 | Zot:2    | Noticed Vv
126681 | Zot:2    | Killed Vv
127993 | Zot:3    | Reached skill level 20 in Spellcasting
128338 | Zot:3    | Found a shimmering altar of Xom.
128341 | Zot:3    | Found a shimmering altar of Xom.
128341 | Zot:3    | Found a shimmering altar of Xom.
128349 | Zot:3    | Noticed a Killer Klown
128530 | Zot:3    | Killed a Killer Klown
128830 | Zot:3    | Reached skill level 21 in Spellcasting
129076 | Zot:3    | Learned a level 7 spell: Spellforged Servitor
129234 | Zot:3    | Reached skill level 1 in Summonings
129361 | Zot:3    | Found a shimmering altar of Xom.
129362 | Zot:3    | Found a shimmering altar of Xom.
129459 | Zot:3    | Noticed a Killer Klown
129475 | Zot:3    | Killed a Killer Klown
130620 | Zot:4    | Reached skill level 5 in Summonings
131806 | Depths:3 | Voluntarily entered the Abyss.
131818 | Abyss:1  | Found a candlelit altar of Ignis.
131838 | Abyss:1  | Found a corrupted altar of Lugonu.
131893 | Abyss:1  | Found an iron altar of Okawaru.
131899 | Abyss:1  | Found a corrupted altar of Lugonu.
133077 | Depths:3 | Escaped the Abyss
133636 | Zot:3    | Acquired a +0 helmet of see invisible
134874 | Zot:4    | Reached XP level 26. HP: 174/195 MP: 17/48
135089 | Zot:5    | Entered Level 5 of the Realm of Zot
135306 | Zot:5    | Noticed an orb of fire
135791 | Zot:5    | Reached skill level 10 in Summonings
135808 | Zot:4    | Killed an orb of fire
136958 | Zot:5    | Found a runed translucent gate.
136958 | Zot:5    | Found a runed translucent gate.
136963 | Zot:5    | Found a runed translucent gate.
136964 | Zot:5    | Noticed Zier's ghost (master TeSu)
136965 | Zot:5    | Noticed an orb of fire
137518 | Lair:6   | Killed dricus's ghost
137685 | Lair:6   | Upgraded the game from 0.29-a0-283-ga02f740833 to
                  | 0.29-a0-284-gf9362112df
138201 | Zot:5    | Noticed an orb of fire
138866 | Zot:5    | Noticed an orb of fire
138877 | Zot:5    | Killed an orb of fire
138878 | Zot:5    | Reached skill level 22 in Spellcasting
139478 | Zot:5    | Noticed an orb of fire
139482 | Zot:5    | Noticed an ancient lich
139487 | Zot:5    | Killed an orb of fire
139488 | Zot:5    | Killed an ancient lich
139618 | Zot:5    | Killed an orb of fire
139620 | Zot:5    | Noticed an orb of fire
139631 | Zot:5    | Killed an orb of fire
139868 | Zot:5    | Noticed a dread lich
139871 | Zot:5    | Killed a dread lich
139931 | Zot:5    | Noticed an ancient lich
139942 | Zot:5    | Killed an ancient lich
139992 | Zot:5    | Reached skill level 23 in Spellcasting
140372 | Zot:5    | Noticed an orb of fire
140394 | Zot:5    | Killed an orb of fire
141294 | Zot:5    | Reached skill level 24 in Spellcasting
141862 | Zot:5    | Learned a level 7 spell: Haunt
143419 | Hell     | Entered the Vestibule of Hell
143419 | Hell     | Noticed Geryon
143477 | Depths:1 | Reached XP level 27. HP: 134/201 MP: 51/51
144536 | Hell     | Killed Geryon
144952 | Hell     | Found a gateway to the ashen valley of Gehenna.
145194 | Hell     | Found a gateway to the decaying netherworld of Tartarus.
145437 | Hell     | Found a gateway to the freezing wastes of Cocytus.
145782 | Hell     | Found a gateway to the Iron City of Dis.
146029 | Coc:1    | Entered Level 1 of Cocytus
147037 | Dis:1    | Entered Level 1 of the Iron City of Dis
147411 | Hell     | Reached skill level 15 in Summonings
148379 | Pan      | Entered Pandemonium
148436 | Pan      | Found an exit through the horrors of the Abyss.
149496 | Pan      | Took an exit into the Abyss.
149496 | Abyss:1  | Escaped into the Abyss
149527 | Abyss:1  | Found a corrupted altar of Lugonu.
149596 | Depths:2 | Escaped the Abyss
149920 | Depths:3 | Voluntarily entered the Abyss.
150039 | Abyss:1  | Noticed a dread lich
150204 | Depths:3 | Escaped the Abyss
150252 | Pan      | Entered Pandemonium
150309 | Pan      | Found an exit through the horrors of the Abyss.
151502 | Pan      | Noticed Johaonk the pandemonium lord
151510 | Pan      | Killed Johaonk the pandemonium lord
153084 | Pan      | Got the Catalogue of the Traveller
153139 | Pan      | Identified the ring of Sowu Orr {Drain rF+ rC+ MP+9 Int+6}
154563 | Pan      | Noticed Selys the pandemonium lord
154568 | Pan      | Killed Selys the pandemonium lord
154737 | Pan      | Reached skill level 25 in Spellcasting
154974 | Pan      | Learned a level 9 spell: Dragon's Call
156093 | Pan      | Found an exit through the horrors of the Abyss.
156233 | Pan      | Found a runed translucent door.
156244 | Pan      | Got a demonic rune of Zot
156759 | Pan      | Took an exit into the Abyss.
156759 | Abyss:1  | Escaped into the Abyss
156761 | Abyss:1  | Noticed a dread lich
156774 | Abyss:1  | Killed a dread lich
156775 | Abyss:1  | Killed a dread lich
156794 | Depths:2 | Escaped the Abyss
156979 | Vaults:1 | Bought 5 silver javelins for 120 gold pieces
156979 | Vaults:1 | Bought a scroll of teleportation for 30 gold pieces
156979 | Vaults:1 | Bought a wand of acid (5) for 180 gold pieces
157092 | Vaults:3 | Found an ancient bone altar of Kikubaaqudgha.
157866 | Vaults:3 | Killed Mennas
158196 | Vaults:3 | Found a staircase to the Crypt.
158197 | Vaults:3 | Found a basalt altar of Yredelemnul.
159185 | Depths:3 | Killed a juggernaut
159209 | Depths:3 | Identified the +4 morningstar "Nuryiwko" {spect, Dex+3}
160245 | Elf:3    | Upgraded the game from 0.29-a0-284-gf9362112df to
                  | 0.29-a0-286-g41199d4a87
161375 | Zot:5    | Killed an orb of fire
161716 | Zot:5    | Killed Zier's ghost
162042 | Zot:5    | Identified the +0 pair of gloves of the Lich-sworn {Str+2}
162468 | Temple   | Fell from the grace of Kikubaaqudgha
162468 | Temple   | Became a worshipper of Makhleb the Destroyer
162936 | Pan      | Entered Pandemonium
163273 | Pan      | Reached * piety under Makhleb
164038 | Pan      | Reached ** piety under Makhleb
164341 | Pan      | Upgraded the game from 0.29-a0-286-g41199d4a87 to
                  | 0.29-a0-289-g2178c42546
164854 | Pan      | Noticed Uthrifru the pandemonium lord
165361 | Pan      | Reached *** piety under Makhleb
166160 | Pan      | Reached **** piety under Makhleb
166514 | Pan      | Killed Uthrifru the pandemonium lord
167377 | Pan      | Reached ***** piety under Makhleb
167546 | Pan      | Entered the realm of Lom Lobon.
169244 | Pan      | Noticed Lom Lobon
169334 | Pan      | Killed Lom Lobon
169522 | Pan      | Got a magical rune of Zot
170380 | Pan      | Noticed Ivvuc the pandemonium lord
170397 | Pan      | Killed Ivvuc the pandemonium lord
170447 | Pan      | Lost strength.
170642 | Pan      | Lost dexterity.
171174 | Pan      | Reached skill level 26 in Spellcasting
171284 | Pan      | Reached ****** piety under Makhleb
174266 | Pan      | Killed from afar by a hellion

Illustrated notes

Levels and vault maps discovered:
D:1:      dpeg_arrival_court, layout_basic, shapermc_ecumenical_altar_pompeii
D:2:      layout_basic, minmay_misc_feat_five, uniq_robin
D:3:      layout_rooms, mainiacjoe_overflow_brackets, serial_shops,
          nicolae_shop_trees, kennysheep_jessica_study
D:4:      cheibrodos_thug_alley, layout_basic, nicolae_overflow_hidden_temple
D:5:      layout_cave_pods
D:6:      layout_loops_cross, minmay_temple_entry_waves
D:7:      layout_basic, serial_shops, nicolae_shop_statue_plus,
          minmay_misc_feat_enclosed, minmay_joined_circles
D:8:      layout_cave_pools, palyth_stone_intersect, serial_bayou_pond_a
D:9:      layout_basic, amcnicky_altar_gilded,
          dilly_guarded_unrand_elemental_staff
D:10:     minmay_flawed_box, layout_basic, kennysheep_mini, david_lair_generic,
          uniq_josephine
D:11:     layout_gridville, chequers_serial_rivers_large_b, st_stairs_5
D:12:     layout_basic, nzn_wu_jian_contemplation, uniq_azrael
D:13:     layout_roguey, minmay_misc_feat_alley
D:14:     layout_stronghold, ximxim_vaults_locker_room,
          minmay_misc_feat_more_columns, chequers_arboretum, uniq_kirke
D:15:     gammafunk_enter_depths_forms, layout_layer_cave
Temple:   eino_temple_rhombus
Lair:1:   layout_regular_city, fungi_pond_lemuel
Lair:2:   layout_hall_layers, minmay_swamp_entry_swarm, serial_bayou_shore_a
Lair:3:   layout_hall_layers, minmay_snake_entry_guardpost_small,
          nicolae_volcano_entry_vermiform, fungi_pond_lemuel, nzn_random_ring,
          uniq_snorg
Lair:4:   layout_layer_cave
Lair:5:   layout_cave_pods, minmay_slime_entry_oklob_open, grunt_megastairs_2
Lair:6:   minmay_lair_end_frog_pond, layout_regular_city,
          gammafunk_ghost_wrathful_warriors
Swamp:1:  layout_falls_marsh, nicolae_swamp_bean_lake, swamp_pool1, uniq_louise,
          uniq_mlioglotl
Swamp:2:  layout_basic_swamp, evilmike_swamp_ruin_rubble_1,
          infiniplex_staircase_pool
Swamp:3:  layout_falls_marsh, evilmike_swamp_ruin_house_3,
          nicolae_swamp_dragon_and_kin
Swamp:4:  swamp, layout_basic_swamp
Snake:1:  layout_honeycomb, serial_shops, shop
Snake:2:  layout_cave_shapes, basic_altar
Snake:3:  nicolae_snake_nest, layout_basic, special_room, serial_bayou_shore_b
Snake:4:  snake_pit, layout_concentric_octagons, grunt_ministairs_15,
          hangedman_snake_pattern
Slime:1:  layout_caves, cheibrodos_slime_lost_civilization_4
Slime:2:  layout_caves
Slime:3:  nicolae_slime_pool, layout_caves, nicolae_slime_welcoming_committee
Slime:4:  layout_caves, uniq_dissolution
Slime:5
Orc:1:    layout_diamond_mine, basic_altar, nicolae_shop_gadgets
Orc:2:    st_orc_pillars, layout_diamond_mine, basic_altar, uniq_maurice
Elf:1:    eino_elf_arrival_customs, layout_loops_cross, minmay_elf_demonology,
          uniq_aizul
Elf:2:    elven_hall_of_blades_hangedman_original
          [nicolae_blade_entry_sentries_behind_glass], layout_rooms,
          serial_shops, nicolae_lakefront_shop, minivault_11
Elf:3:    minmay_elf_hall_quartered_circle, layout_geoelf_grid,
          dreamdust_princess_corridor, st_stairs_10, grunt_ministairs_3,
          hex_medium, nicolae_elf_glass_and_crystal_pillar_2, minmay_shop_grove
Vaults:1: v_rooms_1, nicolae_vaults_angled_halls, vaults_room_fours,
          ontoclasm_vaults_pinch, ontoclasm_vaults_twist,
          layout_vaults_chaotic_city, serial_shops, shop, shop_fountains,
          shop_fountains
Vaults:2: dpeg_vaults_monster_box, nicolae_vaults_arrows, v_misc_19, v_misc_2,
          st_cross, vaults_room_pools, vaults_dpeg_doors, v_rooms_6, v_misc_2,
          layout_vaults_omnigrid
Vaults:3: hangedman_vaults_river_flow, minmay_crypt_entry_necro_gods,
          v_alt_pattern_1, vaults_room_door_hall, vaults_standard_mumra_lines,
          ontoclasm_vaults_decontamination, ontoclasm_vaults_loading_screen,
          nicolae_vaults_alarming, hangedman_vaults_corner,
          ontoclasm_vaults_idyll, nicolae_vaults_windows_and_doors_thing,
          nicolae_vaults_shelves_hall, vaults_room_stairs_pillars,
          vaults_room_door_ring, layout_vaults_omnicross, uniq_mennas
Vaults:4: v_misc_30, nicolae_vaults_quartermaster,
          nicolae_vaults_network_periphery, vaults_room_door_ring,
          nicolae_vaults_big_ls, nicolae_vaults_ring_of_whatevers, v_misc_17,
          vaults_standard_mumra_enter_the_diamond, v_misc_10, vaults_mumra_hex,
          nicolae_vaults_rhombus_7, v_misc_24, v_misc_24, layout_vaults_ring
Vaults:5: uniq_sojobo, uniq_xtahua
Depths:1: layout_cave_shapes, enter_ziggurat_c, mu_enter_wizlab_1, hell_entry,
          nemelex_diamond_rough_becter, kennysheep_generic_room_14,
          minmay_shop_star, uniq_asterion
Depths:2: minmay_strange_plus, layout_twisted_cross, hangedman_coc_ice_floe,
          pan_entry, infiniplex_staircase_pool_2, uniq_enchantress
Depths:3: minmay_the_grid_octo_2x2 [minmay_the_grid_octo_empty,
          minmay_the_grid_octo_tetromino_candy,
          minmay_the_grid_octo_checkerflower,
          minmay_the_grid_octo_prize_ultimate_mussel_roller], layout_basic,
          minmay_misc_feat_four_crosses, hell_entry, abyss_entry,
          ebering_ghost_inner_flame, minivault_12, infiniplex_staircase_spiral,
          uniq_frederick
Depths:4: grunt_zot_entry_funnels, layout_cave_shapes, serial_shops,
          nicolae_shop_advertising_works [nicolae_subvault_shop_adworks],
          hell_entry
Hell
Dis:1:    nicolae_hells_titanomachy
Coc:1:    layout_ice_bergs, nicolae_coc_melting_block
Coc:2:    nicolae_hells_giants_party, layout_ice_bergs
Zot:1:    kennysheep_ambush_hall, layout_cathedral_of_symmetry, basic_altar,
          evilmike_ambush [evilmike_ambush_outer_corners,
          evilmike_ambush_inner_cross]
Zot:2:    ebering_greatest_show_in_zot, layout_misc_corridors, uniq_vv
Zot:3:    dreamdust_zin_vs_xom, layout_gridlike
Zot:4:    hangedman_zot_vaults_quadrants, layout_onion_interference
Zot:5:    layout_cathedral_of_symmetry, gammafunk_ghost_tricky_traps
Pan:      rand_demon_5, layout_grid_shapes, evilmike_mini_pan_doors,
          layout_stronghold, pan_blood_fountain_small,
          regret_index_pan_draining_boxed, layout_cellular_growth,
          grunt_pan_frozen_over, layout_small_grid, lom_lobon_st,
          layout_irregular_city, nicolae_pan_gloorx_vloqian_1,
          lemuel_hall_of_pain, layout_chambers, reaverb_pan_squares

Skill      XL: |  1  2  3  4  5  6  7  8  9 10 11 12 13 14 15 16 17 18 19 20 21 22 23 24 25 26 27 |
---------------+----------------------------------------------------------------------------------+-----
Spellcasting   | 3 4 5 6 8 11 12 14 17 18 21 24 26 | 26.7
Fighting       | 1 2 3 4 5 6 7 8 9 10 13 | 13.6
Conjurations   | 4 5 6 7 8 9 10 11 12 13 15 | 15.9
Armour         | 1 2 3 5 6 7 9 |  9.5
Hexes          | 4 7 8 9 |  9.5
Shields        | 3 4 5 6 7 8 9 |  9.7
Necromancy     | 4 6 8 9 11 12 14 15 17 18 | 18.8
Dodging        | 2 3 5 6 7 8 10 | 10.7
Stealth        | 2 3 4 5 6 7 8 10 | 10.7
Staves         | 1 2 3 5 6 |  6.7
Evocations     | 4 6 9 11 | 11.8
Earth Magic    | 3 5 6 8 9 10 11 13 14 15 20 | 20.0
Air Magic      | 1 2 |  2.0
Translocations | 1 |  1.0
Ice Magic      | 5 |  5.1
Transmutations | 4 |  4.7
Throwing       | 4 |  4.9
Summonings     | 9 13 19 | 19.9
Polearms       | |  0.2

Action                   |  1- 3 |  4- 6 |  7- 9 | 10-12 | 13-15 | 16-18 | 19-21 | 22-24 | 25-27 || total
-------------------------+-------+-------+-------+-------+-------+-------+-------+-------+-------++-------
Melee: Dagger            |     5 |     6 |       |       |       |     3 |       |       |       ||    14
       Whip              |     5 |       |       |       |       |       |       |       |       ||     5
       Trident           |       |    14 |    23 |     7 |       |       |       |       |       ||    44
       Staff             |       |       |       |    53 |   285 |   117 |   369 |   216 |   833 ||  1873
       Demon trident     |       |       |       |       |       |       |       |    16 |    10 ||    26
Throw: Dart              |       |     4 |       |    13 |     2 |     1 |     3 |     8 |    18 ||    49
       Throwing net      |       |       |       |       |       |       |       |       |     5 ||     5
 Cast: Magic Dart        |    13 |       |       |       |       |       |       |       |       ||    13
       Searing Ray       |    24 |    58 |    84 |    49 |     5 |       |       |       |       ||   220
       Fulminant Prism   |       |       |    25 |   162 |   239 |     9 |    16 |    30 |     1 ||   482
       Dazzling Flash    |       |       |       |     3 |     2 |     3 |     1 |       |       ||     9
       Animate Dead      |       |       |       |     1 |     3 |     3 |     5 |     1 |       ||    13
       Borgnjor's Vile C |       |       |       |     3 |   216 |   447 |   356 |   292 |   442 ||  1756
       Agony             |       |       |       |     2 |     6 |       |       |     3 |       ||    11
       Vampiric Draining |       |       |       |       |    11 |     1 |       |       |       ||    12
       Swiftness         |       |       |       |       |     1 |     3 |    12 |    17 |     9 ||    42
       Anguish           |       |       |       |       |     1 |     2 |       |       |       ||     3
       Iron Shot         |       |       |       |       |    24 |   129 |   157 |   494 |   921 ||  1725
       Blink             |       |       |       |       |       |     1 |     2 |    15 |     7 ||    25
       Simulacrum        |       |       |       |       |       |       |    11 |     7 |     8 ||    26
       Infestation       |       |       |       |       |       |       |       |    19 |    25 ||    44
       Death Channel     |       |       |       |       |       |       |       |     1 |       ||     1
       Irradiate         |       |       |       |       |       |       |       |    23 |    33 ||    56
       Spellforged Servi |       |       |       |       |       |       |       |       |   144 ||   144
       Haunt             |       |       |       |       |       |       |       |       |    50 ||    50
       Dragon's Call     |       |       |       |       |       |       |       |       |    13 ||    13
Invok: Receive Corpses   |       |       |       |       |     1 |     2 |     3 |     5 |     3 ||    14
       Receive Forbidden |       |       |       |       |     1 |       |       |       |       ||     1
Evoke: Wand              |       |       |       |     3 |    10 |     6 |    10 |     4 |    20 ||    53
       Condenser vane    |       |       |       |       |     1 |       |     1 |     1 |     2 ||     5
       Box of beasts     |       |       |       |       |       |     1 |     1 |       |     1 ||     3
       Lightning rod     |       |       |       |       |       |       |     2 |       |     2 ||     4
       Phantom mirror    |       |       |       |       |       |       |     2 |     4 |     5 ||    11
       Piece from Xom's  |       |       |       |       |       |       |     1 |       |       ||     1
       Tin of tremorston |       |       |       |       |       |       |       |     2 |       ||     2
       Horn of Geryon    |       |       |       |       |       |       |       |       |     2 ||     2
       Phial of floods   |       |       |       |       |       |       |       |       |     1 ||     1
  Use: Scroll            |       |     6 |    10 |     7 |    18 |     6 |     7 |    23 |    18 ||    95
 Stab: Paralysed         |       |       |       |       |    10 |     3 |       |       |       ||    13
       Invisible         |       |       |       |       |     1 |       |       |       |       ||     1
       Sleeping          |       |       |       |       |     1 |       |       |       |     2 ||     3
       Distracted        |       |       |       |       |       |       |     3 |     1 |    22 ||    26
Armor: Robe              |       |     3 |       |    28 |    20 |    34 |   293 |    24 |       ||   402
       Leather armour    |       |       |    54 |     5 |   215 |   125 |       |       |       ||   399
       Acid dragon scale |       |       |       |       |       |       |       |   345 |   851 ||  1196
Dodge: Dodged            |    13 |    28 |    81 |    53 |   227 |   136 |   291 |   323 |   571 ||  1723
Block: Buckler           |       |       |    90 |    89 |   349 |   221 |       |       |       ||   749
       Reflection        |       |       |     4 |    19 |    26 |    74 |   124 |    39 |    22 ||   308
       Kite shield       |       |       |       |       |       |    48 |   693 |   594 |  1239 ||  2574

Table legend: (Time is in decaauts)
 A = Elapsed time spent in this place.
 B = Non-inter-level travel time spent in this place.
 C = Inter-level travel time spent in this place.
 D = Time resting spent in this place.
 E = Time spent auto-exploring this place.
 F = Levels seen in this place.
 G = Mean time per level.
                   A        B        C        D        E       F      G
               +--------+--------+--------+--------+--------+-----+--------+
         Total | 176962 | 162540 |  14422 |  51500 |  78925 |  75 | 2359.5 |
       Dungeon |  26677 |  22962 |   3715 |   3946 |  15627 |  15 | 1778.5 |
        Temple |    381 |    347 |     34 |    200 |    129 |   1 |  381.0 |
          Lair |  13571 |  11961 |   1610 |   3240 |   6535 |   6 | 2261.8 |
         Swamp |   6943 |   6393 |    550 |   1893 |   3585 |   4 | 1735.8 |
     Snake Pit |  12660 |  11427 |   1233 |   3382 |   5853 |   4 | 3165.0 |
    Slime Pits |  11330 |  11049 |    281 |   5983 |   2968 |   5 | 2266.0 |
  Orcish Mines |   4259 |   3552 |    707 |   1509 |   1419 |   2 | 2129.5 |
   Elven Halls |  13632 |  12735 |    897 |   5797 |   4697 |   3 | 4544.0 |
        Vaults |  22660 |  20531 |   2129 |   7104 |   9505 |   5 | 4532.0 |
        Depths |  16056 |  14334 |   1722 |   5754 |   6361 |   4 | 4014.0 |
          Hell |   2952 |   2841 |    111 |   1472 |   1027 |   1 | 2952.0 |
           Dis |     46 |     46 |      0 |      0 |      0 |   1 |   46.0 |
       Cocytus |    612 |    612 |      0 |    126 |    375 |   2 |  306.0 |
           Zot |  19459 |  18032 |   1427 |   6722 |   7415 |   5 | 3891.8 |
         Abyss |   1700 |   1700 |      0 |    433 |     21 |   9 |  188.9 |
   Pandemonium |  20971 |  20971 |      0 |   3218 |  11915 |   6 | 3495.2 |
       Volcano |   1569 |   1569 |      0 |    464 |    616 |   1 | 1569.0 |
        Wizlab |   1478 |   1478 |      0 |    256 |    874 |   1 | 1478.0 |
               +--------+--------+--------+--------+--------+-----+--------+

Top non-repeatable levels by time:
Depths:1: 6601 daAuts
Vaults:4: 6112 daAuts
   Elf:3: 5820 daAuts
   Zot:5: 5007 daAuts
 Snake:1: 4889 daAuts
   Zot:4: 4729 daAuts
Vaults:2: 4725 daAuts
Vaults:5: 4652 daAuts
   Elf:2: 4453 daAuts
   Zot:1: 4080 daAuts
  Lair:5: 3886 daAuts
Depths:4: 3838 daAuts
    D:15: 3697 daAuts
Vaults:3: 3621 daAuts
 Snake:4: 3573 daAuts
